[Event "Team 45 45 League T77"]
[Site "Internet Chess Club"]
[Date "2018.07.28"]
[Round "6"]
[White "Graybeard"]
[Black "awesomefighter"]
[Result "1-0"]
[WhiteElo "1029"]
[BlackElo "1114"]
[Opening "Scotch gambit: Dubois-Réti defense"]
[ECO "C55"]
[Time "17:00:36"]
[TimeControl "2700+45"]

1. e4 e5 2. Nf3 Nc6 3. d4 exd4 4. Bc4 Nf6 5. e5 Ne4 6. O-O Nc5 7. Ng5 Ne6 8. Nf3
Be7 9. c3 dxc3 10. Nxc3 O-O 11. Be3 a6 12. a3 b5 13. Bb3 Bb7 14. Nd5 Na5 15.
Nxe7+ Qxe7 16. Bc2 Nc4 17. b3 Nxe3 18. fxe3 Rfd8 19. Qd3 Nf8 20. Qc3 Rac8 21. b4
d6 22. Bb3 Ne6 23. Nd4 Nxd4 24. exd4 Rf8 25. Rae1 Qg5 26. Re2 Qe7 27. Rff2 dxe5
28. Rxe5 Qd7 29. h3 Rce8 30. Rc5 Rc8 31. d5 c6 32. d6 Qxd6 33. Qf3 Rc7 34. Rf5
Qg6 35. Qh5 Qxh5 36. Rxh5 Bc8 37. Re5 h6 38. Rfe2 Bd7 39. Rf2 Bc8 40. Rfe2 Bd7
41. Rf2 Rcc8 42. g4 Rce8 43. Ree2 Rxe2 44. Rxe2 Re8 45. Kf2 Rxe2+ 46. Kxe2 g5
47. Kf3 Kg7 48. Ke4 Kg6 49. Ke5 f6+ 50. Kd6 Be8 51. Bc2+ Kf7 52. Be4 Kf8 53.
Bxc6 Kf7 54. Bxe8+ Kxe8 55. Ke6 Kd8 56. Kxf6 Kd7 57. Kg6 Kd6 58. Kxh6 Kd5 59.
Kxg5 Kc4 60. h4 Kb3 61. h5 Kxa3 62. h6 Kxb4 63. h7 a5 64. h8=Q a4 65. Kf4 a3
{Black resigns} 1-0